 Dungeon Crawl Stone Soup version 0.30-a0-123-g91d0c66ccf (webtiles) character file.

Game seed: 7459954073931789580

88 jlumianski the Chopper (level 4, -1/27 HPs)
             Began as a Gargoyle Gladiator on Sept 18, 2022.
             Slain by a gnoll
             ... wielding a +0 halberd
              (12 damage)
             ... on level 3 of the Dungeon.
             The game lasted 00:06:44 (2116 turns).

jlumianski the Chopper (Gargoyle Gladiator)         Turns: 2116, Time: 00:06:44

Health: -1/27      AC: 14    Str: 20    XL:     4   Next: 54%
Magic:  4/4        EV: 10    Int:  6    God:
Gold:   100        SH:  0    Dex:  9    Spells: 3/3 levels left

rFire   . . .      SeeInvis .    a - +0 war axe
rCold   . . .      Faith    .    (no shield)
rNeg    + . .      Spirit   .    q - +0 scale mail
rPois   ∞          Reflect  .    c - +0 helmet
rElec   +          Harm     .    (no cloak)
rCorr   .          Rampage  .    (no gloves)
Will    .....                    v - +0 pair of boots
Stlth   ..........               (no amulet)
HPRegen 0.09/turn                (no ring)
MPRegen 0.09/turn                (no ring)

@: no status effects
A: sickness immunity, AC +3, negative energy resistance 1, electricity
resistance, torment resistance 1, petrification resistance, iridescent scales 1,
clumsy 1, dopey 1
a: no special abilities


You were on level 3 of the Dungeon.
You visited 1 branch of the dungeon, and saw 4 of its levels.

You collected 100 gold pieces.

Inventory:

Hand Weapons
 a - a +0 war axe (weapon)
 t - a +0 dagger
Missiles
 d - 3 throwing nets
 e - a javelin
 g - 2 poisoned darts
 l - 6 boomerangs (quivered)
Armour
 b - a +0 leather armour
 c - a +0 helmet (worn)
 q - a +0 scale mail (worn)
 v - a +0 pair of boots (worn)
Jewellery
 u - an amulet of the acrobat
Scrolls
 f - a scroll of blinking {unknown}
 n - a scroll of magic mapping {unknown}
 s - a scroll of teleportation {unknown}
Potions
 h - a potion of heal wounds
 i - a potion of mutation
 j - a potion of might
 k - a potion of flight
 m - a potion of resistance
 p - a potion of curing
 r - a potion of cancellation


   Skills:
 + Level 2.4 Fighting
 + Level 3.6 Axes
 + Level 2.0 Throwing
 + Level 1.5 Armour
 + Level 3.0 Dodging


You had 3 spell levels left.
You didn't know any spells.
Your spell library contained the following spells:

 Spells                   Type           Power      Damage    Failure   Level
 Frozen Ramparts          Ice            0%         1d1       99%         3
 Ice Form                 Ice/Tmut       0%         N/A       100%        4
 Summon Ice Beast         Ice/Summ       0%         N/A       100%        4
 Dispersal                Tloc           0%         N/A       100%        6
 Disjunction              Tloc           0%         N/A       100%        8


Dungeon Overview and Level Annotations

Branches:
Dungeon (4/15)
 Temple: D:4-7

Altars:

Annotations:
D:3 Grinder


Innate Abilities, Weirdness & Mutations

You are immune to sickness and miasma.
Your stone body is resilient. (AC +3)
You are immune to poison.
You resist negative energy. (rN+)
You are resistant to electric shocks. (rElec)
You are resistant to unholy torment.
You are immune to petrification.
You are partially covered in iridescent scales. (AC +2)
You are clumsy. (Dex -2)
You are dopey. (Int -2)


Message History

The adder barely misses you.
You slash the adder!
The adder is severely wounded.
The adder barely misses you.
You miss the adder.
The adder is severely wounded.
The adder bites you but does no damage. The adder completely misses you.
You closely miss the adder.
The adder is severely wounded.
The adder bites you but does no damage. The adder barely misses you.
You hit the adder but do no damage.
The adder is severely wounded.
The adder barely misses you.
You slash the adder!
You kill the adder!
You see here a rat corpse. 3 gnolls come into view.
The gnoll shouts! x3; You hear a shout!
You hit the gnoll.
The gnoll is moderately wounded.
The gnoll hits you but does no damage.
You barely miss the gnoll.
The gnoll is moderately wounded.
The gnoll barely misses you.
You barely miss the gnoll.
The gnoll is moderately wounded.
The gnoll hits you with a +0 club. x2
You closely miss the gnoll.
The gnoll is moderately wounded.
The gnoll closely misses you. The gnoll misses you.
You hit the gnoll.
The gnoll is severely wounded.
The gnoll closely misses you.
The gnoll hits you from afar with a +0 halberd!
You closely miss the gnoll.
The gnoll is severely wounded.
The gnoll hits you but does no damage.
The gnoll hits you from afar with a +0 halberd.
The gnoll hits you from afar with a +0 halberd!
You die...

#.#.##.############ #..
#.#.##...)....# #..
....##..#####.# . ##.
....###...###.### .. ..
....###.#.......# ...
...## .....)..#####.#.#
.... .. #.
...##########.#.# ..... .
#.
...........†..#.###......
...#.
...####...#####.@ggg.....
...... ...# #...#
#####...... ...... ...#
#...# ....# ##.##. ...#
#...# ...# #.#.# ...#
#...# #.# ..# ..... ....#
# #.... ...###....# #. ..
.. ##


You could see 3 gnolls.

Vanquished Creatures
  3 adders
  2 worms (D:2)
  2 dart slugs
  An orc (D:3)
  6 bats
  3 endoplasms
  5 goblins
  8 hobgoblins
  6 jackals (D:2)
  2 quokkas (D:2)
  4 ball pythons
  4 frilled lizards
  A kobold (D:1)
  4 rats
51 creatures vanquished.

Notes
Turn   | Place    | Note
-------+----------+-------------------------------------------
     0 | D:1      | jlumianski the Gargoyle Gladiator began the quest for the
                  | Orb.
     0 | D:1      | Reached XP level 1. HP: 12/12 MP: 1/1
    53 | D:2      | Reached XP level 2. HP: 14/17 MP: 2/2
   252 | D:1      | Reached XP level 3. HP: 20/21 MP: 3/3
   931 | D:1      | Found a faded altar of an unknown god.
  1339 | D:3      | Noticed Grinder
  1528 | D:2      | Reached XP level 4. HP: 27/27 MP: 4/4
  1777 | D:2      | Reached skill level 1 in Armour
  1793 | D:2      | Gained mutation: You are dopey. (Int -2) [potion of
                  | mutation]
  1793 | D:2      | Gained mutation: You are clumsy. (Dex -2) [potion of
                  | mutation]
  1793 | D:2      | Gained mutation: You are partially covered in iridescent
                  | scales. (AC +2) [potion of mutation]
  2116 | D:3      | Slain by a gnoll

Illustrated notes

Levels and vault maps discovered:
D:1:      wander_arrival_chamber, layout_basic,
          shapermc_ecumenical_altar_hornbeckon
D:2:      layout_rooms, ebering_dispersal_statue_hall,
          kennysheep_decorative_pillar
D:3:      layout_basic, nicolae_overflow_crystal_walls, uniq_ijyb, uniq_grinder
D:4:      layout_basic, vehumet_altar_wand_db, minmay_temple_entry_overgrown

Skill      XL: |  1  2  3  4 |
---------------+-------------+-----
Axes           | 3 |  3.6
Dodging        | 3 |  3.0
Throwing       | 2 |  2.0
Armour         | 1 |  1.5
Fighting       | |  2.4

Action                   |  1- 3 |  4- 6 || total
-------------------------+-------+-------++-------
Melee: War axe           |   107 |    77 ||   184
       Punch             |       |     2 ||     2
Throw: Boomerang         |     1 |       ||     1
  Use: Scroll            |       |     4 ||     4
       Potion            |       |     3 ||     3
Armor: Leather armour    |    22 |       ||    22
       Scale mail        |    45 |    58 ||   103
Dodge: Dodged            |    98 |    66 ||   164

Table legend: (Time is in decaauts)
 A = Elapsed time spent in this place.
 B = Non-inter-level travel time spent in this place.
 C = Inter-level travel time spent in this place.
 D = Time resting spent in this place.
 E = Time spent auto-exploring this place.
 F = Levels seen in this place.
 G = Mean time per level.
                   A        B        C        D        E       F      G
               +--------+--------+--------+--------+--------+-----+--------+
         Total |   2190 |   2125 |     65 |     43 |   1117 |   4 |  547.5 |
       Dungeon |   2190 |   2125 |     65 |     43 |   1117 |   4 |  547.5 |
               +--------+--------+--------+--------+--------+-----+--------+

Top non-repeatable levels by time:
     D:1: 1069 daAuts
     D:2: 878 daAuts
     D:3: 240 daAuts
     D:4: 1 daAuts
